Map: 큐리어스 마인즈 - 래더

Players

Ryung

  • Race: Terran Terran
  • League: Master

Dream - Winner!

  • Race: Terran Terran
  • League: Master

Event: DreamHack SC2 Masters Last Chance 2022

VOD

Have the link to the VOD?

Description

Time

  • Played on: Dec. 15, 2021, 4:39 a.m.
  • Length: 16:18

All games in this series

Show
View Real Time Build Order
Export as new Build Order

Ryung Terran 

Build Orders:  

Get SALT Encoding   

  12  0:00  SCV  
  13  0:12  SCV  
  14  0:17  Supply Depot  
  14  0:24  SCV  
  15  0:39  SCV, Barracks  
  16  0:43  Refinery  
  16  0:51  SCV  
  16  0:53  Refinery  
  17  1:03  SCV  
  18  1:15  SCV  
  19  1:26  Reaper  
  19  1:27  Orbital Command  
  19  1:28  Supply Depot  
  20  1:41  Factory  
  20  1:53  SCV  
  21  1:59  Barracks Reactor  
  21  2:05  SCV  
  22  2:17  SCV, Command Center  
  23  2:25  Hellion  
  25  2:31  SCV  
  25  2:36  Reaper x2  
  28  2:40  Supply Depot  
  28  2:43  SCV  
  28  2:48  Hellion  
  30  2:55  SCV  
  31  2:59  Starport  
  31  3:07  SCV, Marine  
  31  3:08  Marine  
  31  3:10  Factory Tech Lab  
  34  3:19  SCV  
  35  3:25  Refinery  
  35  3:29  Orbital Command  
  35  3:31  Cyclone  
  35  3:33  SCV  
  39  3:35  Starport Tech Lab  
  39  3:39  Marine x2  
  41  3:45  SCV  
  42  3:56  SCV, Raven  
  42  3:57  SCV  
  42  4:02  Supply Depot, Marine x2  
  48  4:08  SCV  
  48  4:09  SCV  
  50  4:12  Siege Tank  
  53  4:17  Supply Depot  
  53  4:20  SCV  
  53  4:24  SCV  
  55  4:26  Marine x2  
  57  4:32  SCV  
  57  4:36  SCV  
  59  4:39  Raven  
  59  4:44  Supply Depot, SCV  
  62  4:48  SCV  
  62  4:50  Siege Tank  
  66  4:56  SCV  
  67  5:00  SCV  
  67  5:04  Command Center  
  67  5:06  Marine  
  67  5:07  Marine  
  69  5:08  SCV  
  69  5:12  Supply Depot, SCV  
  72  5:20  SCV  
  73  5:22  Siege Tank  
  73  5:24  SCV  
  77  5:32  SCV, Refinery  
  77  5:33  Supply Depot  
  77  5:34  Viking  
  80  5:35  Viking  
  80  5:36  SCV  
  80  5:39  Stimpack  
  83  5:43  Supply Depot  
  83  5:48  SCV  
  83  5:49  SCV  
  84  5:54  Siege Tank  
  87  6:01  Marine  
  86  6:11  Viking x2, Barracks  
  87  6:12  SCV x2, Barracks  
  90  6:18  Orbital Command  
  90  6:21  Marine  
  90  6:24  SCV x2  
  93  6:27  Siege Tank  
  96  6:36  Engineering Bay  
  96  6:37  Engineering Bay  
  96  6:39  SCV x2  
  97  6:43  Viking  
  97  6:46  Viking  
  101  6:52  SCV x2  
  101  6:54  Marine  
  93  7:03  Siege Tank  
  93  7:06  Orbital Command  
  86  7:10  Barracks Reactor  
  86  7:11  Barracks Reactor, Marine  
  86  7:12  SCV x2  
  86  7:13  Viking  
  88  7:16  Viking  
  88  7:21  Terran Infantry Weapons Level 1  
  90  7:24  SCV x2  
  90  7:29  Supply Depot x2, Terran Infantry Armor Level 1  
  92  7:35  SCV  
  92  7:36  SCV, Refinery x2  
  94  7:40  Combat Shield, Marine  
  95  7:48  SCV x3, Marine x3  
  95  7:49  Marine  
  95  7:50  Viking  
  104  7:57  Viking  
  106  8:01  SCV x2  
  106  8:03  SCV  
  109  8:07  Siege Tank  
  109  8:10  Marine x2  
  109  8:11  Marine x2  
  109  8:12  Marine  
  117  8:22  Armory  
  117  8:23  SCV x3  
  117  8:25  Viking  
  122  8:27  Barracks  
  122  8:28  Viking, Marine x2, Barracks  
  126  8:35  Marine x2  
  126  8:36  Marine  
  126  8:40  Supply Depot x2, SCV x2  
  126  8:41  SCV  
  132  8:42  Supply Depot  
  132  8:46  Marine x2  
  133  8:49  Command Center  
  133  8:52  Siege Tank  
  128  8:56  Marine x2  
  128  8:59  Marine  
  128  9:00  Medivac x2  
  118  9:03  Marine  
  118  9:04  Marine  
  109  9:13  Marine  
  109  9:14  Marine  
  109  9:16  Marine  
  108  9:17  Terran Infantry Weapons Level 2  
  108  9:19  SCV x3  
  108  9:21  Marine x2  
  117  9:24  Siege Tank  
  117  9:28  Barracks Reactor x2, Terran Infantry Armor Level 2  
  115  9:31  Marine x2  
  115  9:34  Marine  
  115  9:35  Factory  
  118  9:39  Marine  
  118  9:41  Medivac x2, Marine  
  124  9:48  Terran Vehicle Weapons Level 1  
  124  9:49  Marine x2  
  124  9:52  Marine  
  127  9:57  Marine  
  127  9:59  Marine  
  127  10:02  Siege Tank  
  127  10:03  Command Center  
  127  10:04  Sensor Tower  
  127  10:05  Marine x4  
  134  10:07  Marine x2  
  134  10:10  Marine  
  134  10:11  Medivac  
  139  10:15  Marine  
  139  10:17  Marine  
  141  10:23  Marine x4  
  141  10:25  Factory Tech Lab, Marine x2  
  141  10:28  Marine  
  148  10:32  Marine  
  148  10:35  Marine  
  139  10:36  Siege Tank  
  139  10:39  Viking  
  139  10:41  Viking, Marine x4  
  129  10:42  Marine  
  129  10:43  Marine  
  129  10:45  Marine  
  129  10:49  Siege Tank  
  135  10:50  Marine  
  135  10:53  Marine  
  137  10:59  Marine x4  
  137  11:00  Marine x2  
  137  11:03  Marine  
  141  11:08  Siege Tank  
  128  11:16  Marine x2  
  128  11:17  Marine x2  
  116  11:20  Marine x2  
  116  11:21  Siege Tank  
  121  11:25  Viking  
  121  11:30  Viking  
  125  11:33  Marine  
  125  11:35  Marine x2  
  128  11:44  SCV  
  128  11:45  SCV x2  
  128  11:46  Marine  
  128  11:47  Marine  
  132  11:53  Marine x3  
  136  11:55  Siege Tank x2  
  136  11:56  Marine  
  136  11:57  Marine x2  
  136  11:59  Marine  
  146  12:07  Marine x2  
  147  12:12  Viking x2  
  151  12:22  Starport  
  151  12:23  Starport  
  135  12:31  Marine x2  
  135  12:32  Marine x3  
  135  12:36  Marine x2  
  135  12:37  Marine x2  
  126  12:39  Siege Tank  
  131  12:49  Marine x4  
  131  12:50  Marine  
  135  12:53  Viking x2  
  135  12:54  Marine x2  
  135  12:58  Marine x2  
  135  12:59  Siege Tank  
  135  13:05  Terran Infantry Weapons Level 3  
  140  13:07  Marine x4  
  144  13:13  Siege Tank  
  144  13:14  Planetary Fortress  
  144  13:17  Marine x2  
  149  13:20  Marine x2  
  149  13:21  Marine  
  149  13:25  Marine  
  153  13:29  SCV x3  
  153  13:31  Starport Tech Lab x2  
  153  13:32  Siege Tank  
  153  13:33  Refinery x2  
  159  13:41  Marine x2  
  161  13:42  Marine  
  161  13:45  Marine x2  
  161  13:46  Siege Tank  
  161  13:47  Marine x2  
  169  13:54  Corvid Reactor, Raven  
  171  13:57  Supply Depot  
  171  13:58  Supply Depot, Raven  
  173  14:20  Siege Tank  
  173  14:21  Siege Tank, Marine x2  
  161  14:24  Marine  
  161  14:25  Marine x2  
  161  14:30  Viking x2  
  161  14:31  Marine x4  
  168  14:37  Command Center  
  168  14:39  Marine x2  
  168  14:45  Raven x2  
  174  14:58  Siege Tank x2  
  180  15:07  Missile Turret x2  
  180  15:18  Marine x4  
  180  15:19  Marine x2  
  171  15:28  Marine  
  171  15:29  Marine x2  
  171  15:30  Siege Tank x2  
  175  15:35  Marine x2  
  175  15:36  Marine x3  
  175  15:37  Marine  
  181  15:51  Marine x3  
  181  15:53  Marine  
  183  15:59  Marine x2  
  183  16:00  Marine  
Show
View Real Time Build Order
Export as new Build Order

Dream Terran - Winner!

Build Orders:  

Get SALT Encoding   

  12  0:00  SCV  
  13  0:12  SCV  
  14  0:17  Supply Depot  
  14  0:24  SCV  
  15  0:38  SCV  
  15  0:39  Barracks  
  15  0:42  Refinery  
  16  0:50  SCV  
  16  0:52  Refinery  
  17  1:02  SCV  
  18  1:14  SCV  
  19  1:26  Reaper, Orbital Command  
  19  1:28  Supply Depot  
  20  1:42  Factory  
  20  1:52  SCV  
  21  1:58  Reaper  
  22  2:04  SCV  
  23  2:16  SCV  
  24  2:24  Command Center  
  24  2:29  SCV  
  25  2:31  Hellion  
  27  2:40  Barracks Reactor  
  27  2:43  SCV  
  28  2:46  Starport  
  28  2:51  Supply Depot  
  28  2:54  Widow Mine  
  28  2:56  SCV  
  32  3:12  SCV  
  32  3:16  Factory Tech Lab, Marine  
  32  3:17  Marine  
  34  3:23  Starport Tech Lab  
  34  3:25  SCV  
  35  3:27  Refinery  
  35  3:35  Supply Depot  
  35  3:36  Orbital Command  
  35  3:37  Siege Tank  
  35  3:38  SCV  
  39  3:46  Raven  
  41  3:50  SCV  
  41  3:51  Marine  
  41  3:52  Marine  
  44  4:02  SCV  
  45  4:03  SCV  
  45  4:09  Marine x2  
  50  4:10  Siege Tank  
  50  4:14  SCV  
  50  4:15  SCV  
  53  4:20  Supply Depot  
  53  4:26  SCV  
  53  4:27  SCV  
  53  4:29  Raven  
  53  4:30  Marine x2  
  59  4:33  Supply Depot  
  59  4:35  Refinery  
  59  4:38  SCV  
  60  4:39  SCV  
  61  4:48  Supply Depot  
  61  4:52  SCV x2  
  62  4:53  Siege Tank  
  62  4:54  Marine x2  
  67  5:06  SCV x2  
  69  5:12  Command Center  
  69  5:19  SCV x2  
  71  5:24  Viking  
  71  5:25  Supply Depot, Stimpack  
  73  5:30  Viking  
  73  5:33  SCV  
  73  5:34  SCV  
  76  5:39  Siege Tank  
  79  5:46  SCV x2  
  81  5:50  Marine  
  82  6:01  Viking x2  
  82  6:02  SCV x2  
  87  6:08  Marine  
  87  6:12  Siege Tank  
  87  6:15  SCV x2  
  92  6:23  Barracks x2  
  92  6:26  Marine  
  92  6:28  Orbital Command  
  92  6:30  SCV x2  
  95  6:34  Viking  
  95  6:38  Viking  
  99  6:46  Supply Depot  
  99  6:47  SCV x2  
  91  7:01  Marine  
  91  7:03  SCV x2  
  91  7:08  Siege Tank  
  76  7:11  Barracks Reactor  
  76  7:12  Barracks Reactor, Viking  
  76  7:13  Viking, Orbital Command  
  73  7:17  Engineering Bay x2  
  73  7:20  Combat Shield  
  73  7:22  SCV  
  74  7:23  SCV  
  74  7:29  Marine  
  76  7:36  SCV x2  
  78  7:40  SCV, Siege Tank  
  78  7:43  Medivac x2  
  86  7:48  SCV  
  86  7:49  SCV, Marine, Terran Infantry Weapons Level 1, Terran Infantry Armor Level 1  
  86  7:51  Marine  
  90  7:52  Marine  
  90  7:53  Marine  
  90  7:54  Marine  
  90  7:57  SCV  
  94  8:03  Barracks  
  94  8:06  Barracks  
  94  8:07  Supply Depot x2, Marine  
  94  8:08  Marine  
  94  8:10  Marine  
  97  8:15  Siege Tank  
  97  8:16  Refinery x2  
  97  8:17  Supply Depot  
  97  8:19  Medivac x2  
  104  8:22  Sensor Tower, Marine x2  
  104  8:25  Marine  
  104  8:26  Marine  
  108  8:28  Marine  
  109  8:38  SCV x3  
  109  8:39  Marine  
  109  8:40  Marine, Armory  
  114  8:42  Supply Depot  
  114  8:43  Marine  
  114  8:44  Marine  
  114  8:45  Command Center  
  114  8:46  Marine  
  115  8:57  Marine x2  
  115  8:58  SCV x2  
  104  9:03  Marine x2  
  104  9:04  Marine  
  104  9:09  Siege Tank  
  106  9:11  Viking x2  
  106  9:15  Barracks Reactor x2, Marine x2  
  110  9:18  SCV x2  
  110  9:20  Marine  
  110  9:25  Marine x2  
  112  9:31  SCV x2  
  112  9:32  SCV  
  112  9:33  Marine x2  
  112  9:36  Terran Vehicle Weapons Level 1  
  117  9:38  Marine  
  117  9:41  Siege Tank  
  117  9:43  Viking x2, Marine  
  117  9:44  Terran Infantry Weapons Level 2, Terran Infantry Armor Level 2  
  126  9:46  SCV x3  
  126  9:47  Marine  
  126  9:51  Marine  
  129  9:53  Marine x2  
  129  9:56  Marine  
  129  9:57  Marine  
  133  10:00  Marine x2  
  133  10:01  Marine  
  133  10:05  Refinery  
  133  10:06  Refinery  
  136  10:07  Orbital Command  
  136  10:08  Sensor Tower  
  136  10:09  Marine x2  
  136  10:11  Marine x2  
  140  10:14  Marine x2  
  140  10:18  Siege Tank, Marine  
  146  10:27  Factory  
  146  10:28  Supply Depot  
  146  10:29  Supply Depot, Marine  
  146  10:30  Barracks Reactor  
  146  10:32  Marine x2  
  146  10:33  Marine x2  
  146  10:34  Marine  
  140  10:42  Marine x2  
  135  10:47  Marine  
  136  10:50  Siege Tank, Marine  
  136  10:53  Viking x2  
  136  10:55  Marine x3  
  146  10:58  Marine  
  146  11:02  Marine x2  
  149  11:07  Marine x3  
  149  11:08  Marine  
  137  11:13  Marine x3  
  137  11:16  Marine  
  116  11:19  Siege Tank, Marine  
  116  11:20  Marine  
  116  11:22  Siege Tank  
  116  11:23  Medivac x2  
  116  11:24  Command Center, Marine  
  116  11:25  Marine x2  
  129  11:26  Marine  
  129  11:31  Marine, Barracks  
  129  11:32  Marine  
  131  11:33  Marine  
  131  11:35  Barracks  
  131  11:37  Marine  
  131  11:39  Marine x2  
  136  11:45  Marine x2  
  138  11:48  Marine  
  138  11:50  Marine  
  138  11:51  Siege Tank, Marine  
  144  11:54  Siege Tank, Marine  
  144  11:56  Marine  
  144  11:57  Marine  
  147  12:03  Marine x2  
  147  12:06  Marine  
  147  12:07  Viking x2  
  147  12:08  Terran Infantry Weapons Level 3, Marine x2  
  154  12:09  Supply Depot  
  154  12:12  Marine  
  154  12:15  Terran Vehicle Weapons Level 2, Terran Infantry Armor Level 3  
  157  12:18  Marine x3  
  157  12:21  Marine x2  
  162  12:24  Marine  
  162  12:25  Marine  
  162  12:26  Marine  
  162  12:29  Marine  
  138  12:30  Marine  
  138  12:36  Viking, Marine x3  
  131  12:38  Marine x2  
  131  12:39  Siege Tank  
  131  12:42  Marine  
  131  12:43  Marine  
  131  12:44  Marine  
  138  12:46  Siege Tank, Marine  
  138  12:48  Marine  
  143  12:54  Marine x2  
  143  12:56  Marine x2  
  143  13:00  Marine  
  143  13:01  Marine, Orbital Command  
  143  13:04  Marine  
  147  13:06  Marine  
  147  13:10  Barracks Reactor x2  
  147  13:12  Marine x2  
  148  13:15  Siege Tank  
  148  13:18  Siege Tank  
  154  13:20  Viking x2  
  154  13:23  Marine  
  154  13:24  Marine x5  
  164  13:29  Marine  
  164  13:31  Marine  
  166  13:41  Marine x3  
  166  13:44  Marine  
  166  13:47  Siege Tank  
  171  13:50  Siege Tank, Viking x2, Marine x3  
  181  13:56  Marine x5  
  181  13:59  Marine  
  187  14:04  Orbital Command  
  187  14:09  Marine  
  186  14:10  Marine x2  
  186  14:11  Marine x3  
  186  14:14  Marine x2  
  194  14:17  Marine x4  
  194  14:19  Siege Tank  
  194  14:22  Siege Tank  
  169  14:27  Marine x3  
  169  14:29  Marine  
  169  14:30  Viking x2  
  168  14:35  Marine x2  
  168  14:36  Marine  
  171  14:43  Marine x5  
  171  14:45  Marine x2  
  177  14:51  Siege Tank  
  177  14:52  Marine  
  182  14:54  Siege Tank  
  182  14:57  Marine x2  
  187  15:04  Starport  
  187  15:06  Starport  
  187  15:13  Viking x2  
  191  15:22  Marine  
  181  15:29  Marine  
  181  15:30  Marine x4  
  181  15:31  Marine x4  
  181  15:32  Marine  
  181  15:34  Marine  
  186  15:40  Marine  
  186  15:42  Siege Tank x2  
  193  15:54  Marine x3  
  200  16:00  Marine x7  

Tags
 
Add a new tag
Caveats
  • Supply blocks, unpowered buildings, or Contaminate may cause inaccurate times.
  • Supply counts are checked every 10 seconds.